 Dungeon Crawl Stone Soup version 0.30-a0-310-g7d6cbdfea6 (webtiles) character file.

Game seed: 4467270053285680942

4695 kae the Grappler (level 10, 0/87 (99) HPs)
             Began as a White Draconian Transmuter on Oct 24, 2022.
             Was a Believer of Ru.
             Slain by a wight
             ... wielding a +3 spear of freezing
              (3 damage)
             ... on level 8 of the Dungeon.
             The game lasted 00:11:32 (8542 turns).

kae the Grappler (White Draconian Transmuter)       Turns: 8542, Time: 00:11:32

HP:   0/87 (99)     AC:  8    Str: 12    XL:     10   Next: 21%
MP:   15/18         EV: 10    Int: 19    God:    Ru [**....]
Gold: 460           SH:  0    Dex: 11    Spells: 10/20 levels left

rFire   x . .      SeeInvis .      - Unarmed
rCold   + + +      Faith    .    (shield currently unavailable)
rNeg    . . .      Spirit   .    (body armour unavailable)
rPois   +          Reflect  .    (helmet currently unavailable)
rElec   .          Harm     .    (cloak currently unavailable)
rCorr   .          Rampage  .    (gloves currently unavailable)
Will    .....                    (boots currently unavailable)
Stlth   ..........               (no amulet)
HPRegen 0.34/turn                (no ring)
MPRegen 0.16/turn                (no ring)

@: ice-form, wereblooded, heavily drained, unable to drink
A: freezing attack, amphibious, boosted hp, (breathe frost), AC +7, large,
unfitting armour, (cold resistance 1), (cold-blooded), inability to drink after
injury 2, no stealth
a: End Transformation, Renounce Religion


You were on level 8 of the Dungeon.
You worshipped Ru.
Ru was pleased with you.
You were a creature of crystalline ice.
You visited 2 branches of the dungeon, and saw 9 of its levels.

You collected 480 gold pieces.
You spent 20 gold pieces at shops.


Innate Abilities, Weirdness & Mutations

You are a creature of crystalline ice.
You have a powerful freezing melee attack.
You are amphibious.
Your maximum health is increased.
Your armour is entirely melded.
You are incapable of wielding weapons or throwing items.
((You can breathe waves of freezing cold which knock back foes.))
((Your icy white scales are hard. (AC +7)))
You cannot fit into any form of body armour.
((Your flesh is cold resistant. (rC+)))
((You are cold-blooded and may be slowed by cold attacks.))
You sometimes lose the ability to drink potions when taking damage.
You cannot be stealthy.


   Skills:
 + Level 6.2 Fighting
 - Level 1.7 Dodging
 * Level 8.7 Unarmed Combat
 + Level 5.5 Spellcasting
 * Level 6.2 Transmutations
 - Level 8.0 Ice Magic
 - Level 3.3 Poison Magic


You had 10 spell levels left.
You knew the following spells:

 Your Spells              Type           Power      Damage    Failure   Level
a - Beastly Appendage     Tmut           58%        N/A       1%          1
b - Wereblood             Tmut           29%        N/A       1%          2
c - Spider Form           Tmut/Pois      23%        N/A       4%          3
d - Ice Form              Ice/Tmut       32%        N/A       6%          4

Your spell library contained the following spells:

 Spells                   Type           Power      Damage    Failure   Level
 Summon Small Mammal      Summ           20%        N/A       12%         1
 Sublimation of Blood     Necr           5%         N/A       19%         2
 Olgreb's Toxic Radiance  Pois           18%        N/A       30%         4
 Call Canine Familiar     Summ           5%         N/A       34%         3
 Summon Guardian Golem    Hex/Summ       5%         N/A       34%         3
 Alistair's Intoxication  Tmut/Pois      15%        N/A       41%         5
 Eringya's Noxious Bog    Tmut/Pois      11%        N/A       94%         6
 Borgnjor's Vile Clutch   Necr/Erth      2%         N/A       97%         5
 Ozocubu's Refrigeration  Ice            17%        4d11      98%         7
 Summon Hydra             Summ           2%         N/A       100%        7
 Ignition                 Fire           2%         3d3       100%        8

Inventory:

Missiles
 b - 139 stones
 l - 6 boomerangs
 s - 5 javelins
 y - 15 poisoned darts
Armour
 i - a +1 cloak
   (You took it off Crazy Yiuf on level 6 of the Dungeon)
Magical Staves
 p - a staff of fire {!a}
   (You found it on level 3 of the Dungeon)
Jewellery
 C - a ring of ice
   (You took it off an orc on level 7 of the Dungeon)
Wands
 j - a wand of flame (16)
   (You took it off a kobold on level 3 of the Dungeon)
 q - a wand of iceblast (14)
   (You found it on level 5 of the Dungeon)
 w - a wand of polymorph (9)
   (You found it on level 6 of the Dungeon)
 x - a wand of quicksilver (7)
   (You found it on level 6 of the Dungeon)
Scrolls
 h - a scroll of magic mapping {!r}
 t - a scroll of teleportation {@r4}
 u - a scroll of vulnerability {!r!r}
 z - a scroll of fear
Potions
 a - 2 potions of lignification {!q}
 c - a potion of heal wounds {@q2}
 d - 3 potions of haste {@q3}
 e - a potion of might
 f - a potion of curing {@q1}
 g - 4 potions of cancellation
 k - a potion of attraction {unknown}
 m - a potion of degeneration {!q}
 n - 3 potions of flight
 o - a potion of berserk rage {!q}
 r - 2 potions of ambrosia {unknown}

Dungeon Overview and Level Annotations

Branches:
Dungeon (8/15) Zot: 26962  Temple (1/1) D:4 Zot: 5770
   Lair: D:8-11

Altars:
Ashenzari
Cheibriados
Dithmenos
Elyvilon
Gozag
Hepliaklqana
Kikubaaqudgha
Nemelex Xobeh
Qazlal
Ru
Uskayaw
Wu Jian
Xom
Yredelemnul
Zin
The Shining One

Shops:
D:1 * D:2

?:: ..#####...
........
....... ..... #
...! ##.#..#
#....)#
###.#.#)####...
#.....)Y)....#
.....z)).###.#
...#/...## .#
#.##.# ... #.#
.## #.# # #.#
#..


You could see a wight.


Message History

Your primal bloodlust has ended.
You hear a shout!
The wight completely misses you. Something hits you but does no damage.
You hear a shout! x3 😮 HP[+1]
Casting: Ice Form (dangerous; 6% risk of failure)
Confirm with . or Enter, or press ? or * to list all spells.
Your blood is infused with primal strength.
Something hits you but does no damage.
The orc priest hits you but does no damage.
A kobold comes into view. It is wielding a +0 short sword.
The wight hits you from afar with a +3 spear of freezing.
The orc priest hits you with a +0 club.
The wight hits you from afar with a +3 spear of freezing!
Something hits you.
You focus your inner power and illuminate something in retribution! 😮 HP[-12] MP[-2]
You take 12 damage, and now have 61/99 hp.
You lost 2 mp, and now have 13/18 mp.
You hit the orc priest. You freeze the orc priest. You punch the orc priest!
You freeze the orc priest.
You feel a bit better.
You kill the orc priest!
The orc wizard barely misses you. The wight closely misses you. 😮 HP[+2]
You regained 2 hp, and now have 63/99 hp.
You barely miss the kobold.
The orc wizard hits you but does no damage.
The kobold hits you but does no damage.
The wight hits you from afar with a +3 spear of freezing.
The wight hits you but does no damage. 😮 HP[-1]
You take 1 damage, and now have 62/99 hp.
You pummel the orc wizard!! You freeze the orc wizard.
You feel a bit better.
You kill the orc wizard!
Reactivating autopickup.
The kobold hits you with a +0 dagger.
The wight hits you from afar with a +3 spear of freezing.
You focus your inner power and illuminate the wight in retribution!
The wight hits you but does no damage. 😮 HP[-4] MP[+1]
You take 4 damage, and now have 58/99 hp.
You punch the kobold! You freeze the kobold.
You feel a bit better.
You kill the kobold!
The wight hits you but does no damage.
The kobold throws a stone.
The stone hits you but does no damage.
The wight hits you from afar with a +3 spear of freezing!
You feel threatened and lose the ability to drink potions!
You feel drained. 😮 HP[-8]
You now have 97 max hp (-2).
You take 8 damage, and now have 50/97 hp.
The kobold hits you with a +0 short sword.
The wight barely misses you.
Items here: )) [ †. 😮 HP[-1]
You take 1 damage, and now have 49/97 hp.
You hit the kobold. You freeze the kobold.
You feel a bit better.
You kill the kobold! 😮 HP[+3]
You regained 3 hp, and now have 52/97 hp.
You barely miss the wight.
You can drink potions again.
The wight hits you with a +3 short sword!
* * * LOW HITPOINT WARNING * * *
You feel drained.
* * * LOW HITPOINT WARNING * * *
The wight hits you from afar with a +3 spear of freezing!
You feel threatened and lose the ability to drink potions!
* * * LOW HITPOINT WARNING * * *
You feel drained.
* * * LOW HITPOINT WARNING * * *
You punch the wight!
The wight stops glowing.
The wight hits you from afar with a +3 spear of freezing.
* * * LOW HITPOINT WARNING * * *
You feel drained.
The wight hits you with a +3 short sword!
* * * LOW HITPOINT WARNING * * *
😱 HP[-35]
You now have 91 max hp (-6).
You take 35 damage, and now have 17/91 hp.
MASSIVE DAMAGE!! (PAUSE)
You pummel the wight!!
You feel a bit better.
You destroy the wight!
The wight hits you from afar with a +3 spear of freezing!
* * * LOW HITPOINT WARNING * * *
You feel drained.
* * * LOW HITPOINT WARNING * * *
😱 HP[-8]
You now have 90 max hp (-1).
You take 8 damage, and now have 9/90 hp.
You howl as the wereblood boils in your veins!
You hear a shout!
The wight closely misses you.
There is a stone staircase leading up here.
Things that are here:
a +3 short sword; a +0 robe; 😱 HP[+1] MP[+1]
The wight hits you from afar with a +3 spear of freezing!
* * * LOW HITPOINT WARNING * * *
You feel drained.
You die...

Skill      XL: |  1  2  3  4  5  6  7  8  9 10 |
---------------+-------------------------------+-----
Fighting       | 2 3 4 6 |  6.2
Poison Magic   | 1 2 3 |  3.3
Unarmed Combat | 4 5 7 8 |  8.7
Transmutations | 3 4 5 6 |  6.2
Spellcasting   | 3 4 5 |  5.5
Ice Magic      | 3 5 7 8 |  8.0
Dodging        | |  1.7

Action                   |  1- 3 |  4- 6 |  7- 9 | 10-12 || total
-------------------------+-------+-------+-------+-------++-------
Melee: Unarmed           |   107 |   141 |   203 |    58 ||   509
       Kick              |    12 |     7 |       |       ||    19
       Headbutt          |    12 |     4 |       |       ||    16
       Tailslap          |     9 |     8 |       |       ||    17
       Punch             |       |     2 |       |       ||     2
 Cast: Beastly Appendage |    27 |     9 |       |       ||    36
       Spider Form       |       |    15 |     8 |       ||    23
       Wereblood         |       |     4 |     5 |     4 ||    13
       Ice Form          |       |       |    23 |     4 ||    27
Invok: Sacrifice Drink   |       |       |     1 |       ||     1
       Sacrifice Stealth |       |       |       |     1 ||     1
  Use: Scroll            |     7 |     3 |     7 |     1 ||    18
       Potion            |       |     2 |       |       ||     2
Armor: Skin              |    33 |    26 |    55 |    39 ||   153
Dodge: Dodged            |    69 |   107 |   124 |    22 ||   322

Levels and vault maps discovered:
D:1:      minmay_arrival_shattered_statue, layout_basic,
          shapermc_ecumenical_altar_rom_forum, serial_glass, glass_columns_a,
          glass_columns_a, glass_columns_c, glass_columns_a, feat_on_display,
          feat_on_display, serial_shops, shop_statue
D:2:      layout_basic, serial_shops, nicolae_shop_advertising_works
          [nicolae_subvault_shop_adworks], nicolae_shop_crystal,
          nicolae_shop_trees
D:3:      layout_basic, chequers_temple_overflow_statue_of_worship
D:4:      layout_rooms, minmay_temple_entry_glassed_door,
          chequers_serial_rivers_marsh, uniq_edmund
D:5:      layout_layer_cave, minmay_crossroads
D:6:      layout_gridville, nemelex_dance_club_becter, elyvilon_altar_3,
          uniq_grinder, uniq_crazy_yiuf_cottage
D:7:      layout_basic, grunt_tough_drop, uniq_joseph
D:8:      layout_rooms, mainiacjoe_overflow_six_doors_small, lair_entry_dummy,
          uniq_gastronok, uniq_pikel
Temple:   hc_temple_tempest_star

Notes
Turn   | Place    | Note
-------+----------+-------------------------------------------
     0 | D:1      | kae the Draconian Transmuter began the quest for the Orb.
     0 | D:1      | Reached XP level 1. HP: 16/16 MP: 3/3
     0 | D:1      | magus.rc [v1.11.3]
   231 | D:1      | Reached XP level 2. HP: 23/23 MP: 5/5
   351 | D:1      | Found Xablun's General Store.
   443 | D:1      | Found a faded altar of an unknown god.
   450 | D:1      | Got Plato's Omnibus of Invitation
   863 | D:2      | Learned a level 2 spell: Wereblood
   985 | D:2      | Reached XP level 3. HP: 26/29 MP: 4/6
   991 | D:2      | Learned a level 3 spell: Spider Form
  1000 | D:2      | Found Guqan's Magic Scroll Shop.
  1004 | D:2      | Bought a scroll of identify for 20 gold pieces
  1111 | D:2      | HP: 7/29 [poisoned by an adder]
  1309 | D:2      | Found Iwyekuod's Book Boutique.
  1370 | D:2      | Reached skill level 2 in Fighting
  1439 | D:2      | Found Vasax's Book Shoppe.
  1449 | D:2      | Reached skill level 1 in Poison Magic
  1782 | D:3      | Reached XP level 4. HP: 36/36 MP: 5/7
  2037 | D:3      | Found an ornate altar of the Wu Jian Council.
  2037 | D:3      | Found a hide-covered altar of Uskayaw.
  2062 | D:3      | Reached skill level 4 in Unarmed Combat
  2385 | D:3      | Reached XP level 5. HP: 41/41 MP: 4/8
  2736 | D:3      | Reached skill level 2 in Poison Magic
  2772 | D:3      | HP: 10/42 [gnoll/+0 whip[a gnoll bouda] (7)]
  2773 | D:3      | HP: 2/42 [gnoll/+0 whip[a gnoll bouda] (8)]
  2927 | D:4      | Reached skill level 3 in Transmutations
  3001 | D:4      | You pick up a book of Callings and begin reading...
  3001 | D:4      | You add the spells Call Canine Familiar and Summon Guardian
                  | Golem to your library.
  3042 | D:4      | Reached XP level 6. HP: 50/50 MP: 6/10
  3115 | D:4      | Found a staircase to the Ecumenical Temple.
  3134 | Temple   | Entered the Ecumenical Temple
  3354 | Temple   | Became a worshipper of Ru the Awakened
  3386 | D:4      | You add the spells Olgreb's Toxic Radiance, Ozocubu's
                  | Refrigeration and Ignition to your library.
  3387 | D:4      | Noticed Edmund
  3401 | D:4      | HP: 4/50 [Edmund/+5 flail of protection (14)]
  3408 | D:3      | HP: 8/50 [Edmund/+5 flail of protection (3)]
  3410 | D:3      | Killed Edmund
  3411 | D:3      | Reached skill level 3 in Fighting
  3411 | D:3      | Reached skill level 3 in Spellcasting
  3411 | D:3      | Reached skill level 3 in Poison Magic
  3454 | D:3      | Learned a level 4 spell: Ice Form
  3853 | D:4      | Reached skill level 5 in Unarmed Combat
  3853 | D:4      | Your scales start taking on an icy white colour.
  3853 | D:4      | Reached XP level 7. HP: 21/57 MP: 9/11
  3853 | D:4      | Gained mutation: Your flesh is cold resistant. (rC+) [White
                  | Draconian growth]
  3859 | D:4      | Reached skill level 1 in Ice Magic
  4150 | D:5      | Entered Level 5 of the Dungeon
  4215 | D:5      | Reached skill level 2 in Ice Magic
  4473 | D:5      | You pick up a book of Blood and begin reading...
  4473 | D:5      | You add the spells Sublimation of Blood and Summon Hydra to
                  | your library.
  4641 | D:5      | Noticed a yak
  4641 | D:5      | Noticed a yak
  4664 | D:5      | Killed a yak
  4670 | D:5      | Killed a yak
  4671 | D:5      | Reached skill level 4 in Transmutations
  4671 | D:5      | Reached skill level 3 in Ice Magic
  4671 | D:5      | Reached XP level 8. HP: 51/66 MP: 6/13
  4864 | D:5      | You pick up a book of Callings and begin reading...
  5011 | D:5      | Reached skill level 4 in Fighting
  5011 | D:5      | Reached skill level 6 in Unarmed Combat
  5014 | D:5      | Reached skill level 4 in Spellcasting
  5014 | D:5      | Reached skill level 4 in Ice Magic
  5398 | D:5      | Gained mutation: You occasionally lose the ability to drink
                  | potions when taking damage. [Ru sacrifice]
  5398 | D:5      | Gained mutation: You sometimes lose the ability to drink
                  | potions when taking damage. [Ru sacrifice]
  5398 | D:5      | Reached * piety under Ru
  5722 | D:6      | Reached skill level 5 in Ice Magic
  5898 | D:6      | Reached skill level 7 in Unarmed Combat
  5929 | D:6      | Reached XP level 9. HP: 73/73 MP: 11/15
  5983 | D:6      | Reached skill level 5 in Fighting
  6163 | D:6      | Noticed Grinder
  6173 | D:6      | Paralysed by Grinder for 4 turns
  6178 | D:6      | Killed Grinder
  6179 | D:6      | Reached skill level 5 in Transmutations
  6179 | D:6      | Reached skill level 6 in Ice Magic
  6421 | D:6      | Found a sparkling altar of Nemelex Xobeh.
  6490 | D:6      | Found a runed translucent door.
  6491 | D:6      | Noticed Crazy Yiuf
  6731 | D:6      | Found a white marble altar of Elyvilon.
  7154 | D:6      | Killed Crazy Yiuf
  7261 | D:7      | Noticed Joseph
  7399 | D:7      | Reached skill level 5 in Spellcasting
  7602 | D:7      | Killed Joseph
  7603 | D:7      | Reached skill level 8 in Unarmed Combat
  7603 | D:7      | Reached skill level 7 in Ice Magic
  8045 | D:7      | Reached skill level 6 in Fighting
  8056 | D:7      | Reached XP level 10. HP: 83/83 MP: 8/18
  8088 | D:7      | Reached skill level 8 in Ice Magic
  8242 | D:7      | You add the spells Alistair's Intoxication, Borgnjor's Vile
                  | Clutch and Eringya's Noxious Bog to your library.
  8505 | D:8      | Gained mutation: You cannot be stealthy. [Ru sacrifice]
  8505 | D:8      | Reached ** piety under Ru
  8513 | D:8      | Reached skill level 6 in Transmutations
  8539 | D:8      | HP: 17/91 [wight/+3 short sword (7)]
  8542 | D:8      | HP: 3/90 [wight/+3 spear of freezing (7)]
  8542 | D:8      | Slain by a wight

Vanquished Creatures
  Joseph (D:7)
  Grinder (D:6)
  5 yaks (D:5)
  Edmund (D:3)
  2 water moccasins (D:6)
  An orc warrior (D:7)
  4 ice beasts
  An ogre (D:6)
  3 sky beasts (D:7)
  A black bear (D:8)
  2 centaurs
  2 phantoms
  2 kobold brigands (D:7)
  2 necrophages (D:6)
  A bullfrog (D:7)
  A scorpion (D:4)
  11 wights
  A killer bee (D:7)
  3 howler monkeys (D:7)
  2 hounds
  Crazy Yiuf (D:6)
  2 jellies
  7 orc priests
  A gnoll bouda (D:3)
  7 orc wizards
  5 adders
  9 gnolls
  A white imp (D:6)
  An ufetubus (D:6)
  2 worms
  2 dart slugs
  29 orcs
  7 ball pythons
  5 endoplasms
  6 giant cockroaches
  2 goblins (D:4)
  4 hobgoblins
  6 jackals (D:2)
  A quokka (D:2)
  4 bats
  4 frilled lizards
  20 kobolds
  2 rats (D:1)
175 creatures vanquished.

Vanquished Creatures (others)
  A scorpion (D:7)
1 creature vanquished.

Grand Total: 176 creatures vanquished

Table legend:
 A = Non-vault XP
 B = Vault XP
 C = Vault XP percentage of total XP
 D = Non-vault monster count
 E = Vault monster count
 F = Vault count percentage of total count
                 A         B        C        D         E       F
            +---------+---------+-------+---------+---------+-------
      Total |    4897 |    1811 |  27.0 |     163 |      13 |   7.4
            +---------+---------+-------+---------+---------+-------
        D:1 |      27 |       0 |   0.0 |      16 |       0 |   0.0
        D:2 |      68 |       0 |   0.0 |      25 |       0 |   0.0
        D:3 |     195 |     164 |  45.7 |      24 |       1 |   4.0
        D:4 |     346 |       0 |   0.0 |      23 |       0 |   0.0
        D:5 |    1146 |     215 |  15.8 |       8 |       2 |  20.0
        D:6 |    1271 |     436 |  25.5 |      21 |       4 |  16.0
        D:7 |    1387 |     996 |  41.8 |      35 |       6 |  14.6
        D:8 |     457 |       0 |   0.0 |      11 |       0 |   0.0
            +---------+---------+-------+---------+---------+-------

Illustrated notes

Table legend:
 A = Kills in this place as a percentage of kills in entire the game.
 B = Kills by you in this place as a percentage of kills by you in the entire game.
 C = Kills by friends in this place as a percentage of kills by friends in the entire game.
 D = Other kills in this place as a percentage of other kills in the entire game.
 E = Experience gained in this place as a percentage of experience gained in the entire game.
 F = Experience gained in this place divided by the number of levels of this place that you have seen.
                   A       B       C       D       E      F
               +-------+-------+-------+-------+-------+----------------------
         Total | 100.0 | 100.0 |   N/A | 100.0 | 100.0 | 745.3
       Dungeon | 100.0 | 100.0 |   N/A | 100.0 | 100.0 | 838.5
               +-------+-------+-------+-------+-------+----------------------

Table legend: (Time is in decaauts)
 A = Elapsed time spent in this place.
 B = Non-inter-level travel time spent in this place.
 C = Inter-level travel time spent in this place.
 D = Time resting spent in this place.
 E = Time spent auto-exploring this place.
 F = Levels seen in this place.
 G = Mean time per level.
                   A        B        C        D        E       F      G
               +--------+--------+--------+--------+--------+-----+--------+
         Total |   8500 |   8223 |    277 |    352 |   6646 |   9 |  944.4 |
       Dungeon |   8270 |   8001 |    269 |    352 |   6439 |   8 | 1033.8 |
        Temple |    229 |    221 |      8 |      0 |    207 |   1 |  229.0 |
               +--------+--------+--------+--------+--------+-----+--------+

Top non-repeatable levels by time:
     D:6: 1646 daAuts
     D:5: 1483 daAuts
     D:3: 1242 daAuts
     D:7: 1201 daAuts
     D:2: 925 daAuts
     D:4: 903 daAuts
     D:1: 841 daAuts
  Temple: 229 daAuts
     D:8: 27 daAuts
